 Dungeon Crawl Stone Soup version 0.18.1-48-g4cf74bf (webtiles) character file.

273 Gottschkopf the Insei (level 6, -4/47 HPs)
             Began as a Draconian Transmuter on Aug 9, 2016.
             Was a Follower of Cheibriados.
             Killed by nerve-wracking pain
             ... invoked by an orc priest
              (10 damage)
             ... on level 3 of the Dungeon.
             The game lasted 00:07:32 (3033 turns).

Gottschkopf the Insei (Draconian Transmuter)        Turns: 3033, Time: 00:07:32

Health: -4/47      AC:  9    Str: 14    XL:     6   Next: 2%
Magic:  9/9        EV: 12    Int: 17    God:    Cheibriados [*.....]
Gold:   99         SH:  0    Dex: 14    Spells: 3 memorised, 3 levels left

rFire  . . .     SeeInvis .       - Unarmed
rCold  . . .     Gourm    .     (armour unavailable)
rNeg   . . .     Faith    .     (no shield)
rPois  .         Spirit   .     (helmet restricted)
rElec  .         Dismiss  .     (no cloak)
rCorr  .         Reflect  .     d - +0 pair of gloves
SustAt .         Harm     .     i - +1 pair of boots
MR     .....                    (no amulet)
Stlth  +.........               (no ring)
                                (no ring)

@: appendage, very slow, not resistant to hostile enchantments, very unstealthy
A: unfitting armour, horns 2, cold-blooded, AC +6
a: End Transformation, Bend Time, Renounce Religion


You were on level 3 of the Dungeon.
You worshipped Cheibriados.
Cheibriados was aware of your devotion.
You were not hungry.
You had grown temporary horns.
You visited 1 branch of the dungeon, and saw 3 of its levels.

You collected 99 gold pieces.

Inventory:

Missiles
 a - 25 arrows
Armour
 d - a +0 pair of gloves (worn)
 i - a +1 pair of boots (worn)
 m - a +0 buckler
Magical Staves
 n - an uncursed staff of earth
Scrolls
 e - 2 scrolls of blinking {unknown}
 j - a scroll of identify {unknown}
 k - a scroll of remove curse {unknown}
 l - a scroll of recharging {unknown}
Potions
 f - a potion of invisibility {unknown}
 g - 2 potions of berserk rage {unknown}
 o - a potion of haste {unknown}
 p - a potion of magic {unknown}
Books
 b - a book of Changes

   Spells                             Type                      Level
   a - Beastly Appendage              Transmutation                1
   b - Sticks to Snakes               Transmutation                2
   c - Spider Form                    Transmutation/Poison         3
   d - Ice Form                       Ice/Transmutation            4
   e - Blade Hands                    Transmutation                5
Comestibles
 c - 2 bread rations
 h - a royal jelly
 q - 3 chunks of flesh
 r - a beef jerky


   Skills:
 - Level 1.1 Fighting
 - Level 1.7 Dodging
 - Level 4.3 Unarmed Combat
 - Level 2.0 Spellcasting
 + Level 4.1 Transmutations
 - Level 3.3 Poison Magic


You had 3 spell levels left.
You knew the following spells:

 Your Spells              Type           Power        Failure   Level  Hunger
a - Beastly Appendage     Trmt           ###...       3%          1    #......
b - Sticks to Snakes      Trmt           ###.....     6%          2    ###....
c - Spider Form           Trmt/Pois      ##........   14%         3    ###....


Dungeon Overview and Level Annotations

Branches:
Dungeon (3/15)

Altars:
Cheibriados
Okawaru
Zin


Innate Abilities, Weirdness & Mutations

Your plain brown scales are hard (AC +6).
Your body does not fit into most forms of armour.
You are cold-blooded and may be slowed by cold attacks.
You have a pair of horns on your head.


Message History

The orc priest hits you but does no damage.
You barely miss the orc priest.
Your tail-slap misses the orc priest.
The orc priest is severely wounded.
The orc hits you from afar with a trident.
* * * LOW HITPOINT WARNING * * *
The orc priest hits you with a dagger.
* * * LOW HITPOINT WARNING * * *
You barely miss the orc priest.
The orc priest is severely wounded.
The orc barely misses you.
The orc priest hits you but does no damage.
You closely miss the orc priest.
The orc priest is severely wounded.
The orc hits you but does no damage.
The orc priest hits you but does no damage.
Things that are here:
a chain mail; an orc corpse The orc priest calls down the wrath of Beogh upon you.
Pain shoots through your body!
You die...

##.......## ##..#
##.....## ##.#
##...## #.##
##'## #..# #.
##.# #. #.# ##
#<#
##...##########.#
#.....))oo@..##.#
.#...#######.##.#
## #######.##.#
...........#
........####
#########


You could see an orc priest and an orc.

Vanquished Creatures
  2 orc wizards (D:3)
  An orc priest (D:3)
  Ijyb (D:2)
  Robin (D:2)
  6 adders
  An ooze (D:2)
  3 worms
  3 dart slugs (D:2)
  A giant gecko (D:1)
  9 orcs (D:3)
  A ball python (D:2)
  3 bats (D:1)
  2 giant cockroaches
  9 hobgoblins
  3 jackals (D:3)
  A quokka (D:3)
  5 giant newts
  12 goblins
  4 kobolds
  6 rats
74 creatures vanquished.

Notes
Turn   | Place    | Note
--------------------------------------------------------------
     0 | D:1      | Gottschkopf the Draconian Transmuter began the quest for the Orb.
     0 | D:1      | Reached XP level 1. HP: 16/16 MP: 3/3
   347 | D:1      | Reached XP level 2. HP: 23/23 MP: 3/5
  1119 | D:2      | Reached XP level 3. HP: 9/28 MP: 6/6
  1293 | D:2      | Learned a level 2 spell: Sticks to Snakes
  1297 | D:2      | Learned a level 3 spell: Spider Form
  1311 | D:2      | Found an iron altar of Okawaru.
  1421 | D:2      | Found a glowing silver altar of Zin.
  1513 | D:2      | Reached skill level 1 in Poison Magic
  1784 | D:2      | Noticed Ijyb
  1798 | D:2      | Killed Ijyb
  1798 | D:2      | Reached XP level 4. HP: 28/35 MP: 7/7
  2074 | D:2      | Noticed Robin
  2089 | D:2      | Killed Robin
  2431 | D:3      | Found a snail-covered altar of Cheibriados.
  2436 | D:3      | Became a worshipper of Cheibriados the Contemplative
  2488 | D:3      | Reached XP level 5. HP: 36/40 MP: 6/8
  2853 | D:3      | Reached * piety under Cheibriados
  2853 | D:3      | Reached XP level 6. HP: 28/47 MP: 7/9
  3033 | D:3      | Killed from afar by an orc priest

Skill      XL: |  1  2  3  4  5 |
---------------+----------------+-----
Unarmed Combat | 4 |  4.3
Poison Magic   | 2 3 |  3.3
Transmutations | 4 |  4.1
Fighting       | |  1.1
Dodging        | |  1.7
Spellcasting   | |  2.0

Action                   |  1- 3 |  4- 6 || total
-------------------------+-------+-------++-------
Melee: Unarmed           |   117 |   152 ||   269
       Tailslap          |    15 |    16 ||    31
       Headbutt          |    12 |    15 ||    27
       Kick              |     4 |       ||     4
       Punch             |     2 |     3 ||     5
 Cast: Beastly Appendage |    19 |    20 ||    39
       Spider Form       |       |     2 ||     2
 Stab: Sleeping          |       |     1 ||     1
  Eat: Chunk             |     3 |     5 ||     8
Armor: Skin              |    39 |    42 ||    81
Dodge: Dodged            |    69 |    86 ||   155
